 Dungeon Crawl Stone Soup version 0.18-a0-1685-g4482fe3 (webtiles) character file.

42 Ijustatesigmund the Sneak (level 3, -4/24 HPs)
             Began as an Octopode Assassin on Apr 4, 2016.
             Slain by a gnoll
             ... wielding a +0 spear
              (8 damage)
             ... on level 2 of the Dungeon.
             The game lasted 00:02:51 (623 turns).

Ijustatesigmund the Sneak (Octopode Assassin)        Turns: 623, Time: 00:02:52

Health: -4/24      AC:  1    Str: 10    XL:     3   Next: 56%
Magic:  3/3        EV: 12    Int: 13    God:
Gold:   62         SH:  0    Dex: 14    Spells: 0 memorised, 2 levels left

rFire  . . .     SeeInvis .     a - +2 dagger
rCold  . . .     Gourm    .     (no shield)
rNeg   . . .     Faith    .     (helmet restricted)
rPois  .         Spirit   .     (no amulet)
rElec  .         Dismiss  .     (no ring)
rCorr  .         Reflect  .     (no ring)
SustAt .         Harm     .     (no ring)
MR     .....                    (no ring)
Stlth  +++++.....               (no ring)
                                (no ring)
                                (no ring)
                                (no ring)

@: very slightly contaminated, invisible, not resistant to hostile enchantments,
quite stealthy
A: almost no armour, amphibious, 8 rings, constrict 8, camouflage 1, gelatinous
body 1
a: no special abilities


You were on level 2 of the Dungeon.
You were not hungry.

You visited 1 branch of the dungeon, and saw 2 of its levels.

You collected 62 gold pieces.

Inventory:

Hand Weapons
 a - a +2 dagger (weapon)
 b - a +1 blowgun
Missiles
 c - 5 poisoned needles
 e - 8 tomahawks (quivered)
Scrolls
 g - 2 scrolls of identify
 k - a scroll of remove curse
Comestibles
 f - 2 bread rations
 h - a beef jerky
 i - a meat ration
 m - 4 fruits


   Skills:
 - Level 2.0 Fighting
 + Level 2.4 Short Blades
 + Level 2.8 Throwing
 - Level 1.0 Dodging
 + Level 6.1 Stealth


You had 2 spell levels left.
You didn't know any spells.

Dungeon Overview and Level Annotations

Branches:
Dungeon (2/15)

Altars:


Innate Abilities, Weirdness & Mutations

You cannot wear most types of armour.
You are amphibious.
You can wear up to eight rings at the same time.
You can use your tentacles to constrict eight enemies at once.
Your skin changes colour to match your surroundings (Stealth).
Your rubbery body absorbs attacks (AC +1).


Message History

Press: ? - help, Shift-Dir - straight line, f/p - gnoll
Aim: a gnoll, wielding a spear You shoot a poisoned needle.
The poisoned needle hits the gnoll.
The gnoll is poisoned.
The gnoll hits you from afar with a spear.
Firing (i - inventory. (,) - cycle):
c - 6 poisoned needles (quivered)
Press: ? - help, Shift-Dir - straight line, f/p - gnoll
Aim: a gnoll, wielding a spear (lightly wounded)
You shoot a poisoned needle.
The poisoned needle closely misses the gnoll.
The gnoll hits you from afar with a spear.
* * * LOW HITPOINT WARNING * * *
Wield which item (- for none, * to show all)? (? for menu, Esc to quit)
a - a +2 dagger (weapon)
Drink which item? (? for menu, Esc to quit)
You fade into invisibility!
The gnoll completely misses you.
You are very lightly contaminated with residual magic.
The gnoll hits you with a spear!
You die...

#....#.......#..........#
####...............####.### ####
,....#.###..##.....#......# #<..
*#####.###..###....#.##.#.####.##
#......# ####.#.##..........
####.(.# #......#.#.##.## #...#
###.##.#.#.##.## *#####
#...########.##.#......## ,,...#
#...#.gg@....##.###.#####
***#.####...#.#####......##.)....
***#)...g..g.....##..............
#.<(.............##....).........
..##...........?.##......###.....
.,*#.####(..#.##.##..†....##.....
,,...# #...#.......##...########
*.#### #...####.#####..#......#
.,* #...# #........#.####.#


You could see 2 gnolls.

Vanquished Creatures
  A gnoll (D:2)
  An adder (D:2)
  2 dart slugs
  6 bats
  A giant cockroach (D:2)
  3 goblins (D:2)
  2 hobgoblins
  A kobold (D:2)
  3 rats
20 creatures vanquished.

Notes
Turn   | Place    | Note
--------------------------------------------------------------
     0 | D:1      | Ijustatesigmund the Octopode Assassin began the quest for the Orb.
     0 | D:1      | Reached XP level 1. HP: 14/14 MP: 1/1
   341 | D:1      | Reached XP level 2. HP: 19/19 MP: 2/2
   555 | D:2      | Reached skill level 6 in Stealth
   555 | D:2      | Reached XP level 3. HP: 19/24 MP: 3/3
   623 | D:2      | Slain by a gnoll

Vault maps used:
D:1:      lemuel_arrival_behind_the_door_large
D:2:      nrook_mini_backslash, minmay_goblin_kobold_house

Skill      XL: |  1  2 |
---------------+-------+-----
Stealth        | 6 |  6.1
Fighting       | |  2.0
Short Blades   | |  2.4
Throwing       | |  2.8
Dodging        | |  1.0

Action                   || total
-------------------------++-------
Melee: Dagger            ||    30
 Fire: Blowgun           ||     5
  Use: Scroll            ||     7
       Potion            ||     1
 Stab: Sleeping          ||     9
